 Dungeon Crawl Stone Soup version 0.29.1-13-g9f3cf754e1 (webtiles) character file.

Game seed: 10975313816393953187

28 Kosjir the Stinger (level 3, 0/27 HPs)
             Began as a Hill Orc Venom Mage on Jan 27, 2023.
             Slain by an adder (3 damage)
             ... on level 3 of the Dungeon.
             The game lasted 00:05:28 (1176 turns).

Kosjir the Stinger (Hill Orc Venom Mage)            Turns: 1176, Time: 00:05:28

Health: 0/27       AC:  3    Str: 12    XL:     3   Next: 12%
Magic:  1/5        EV: 12    Int: 15    God:
Gold:   47         SH:  0    Dex: 11    Spells: 2/5 levels left

rFire   . . .      SeeInvis .   f - +0 quarterstaff
rCold   . . .      Faith    .   (shield currently unavailable)
rNeg    . . .      Spirit   .   a - +1 robe
rPois   .          Reflect  .   (no helmet)
rElec   .          Harm     .   (no cloak)
rCorr   .          Rampage  .   (no gloves)
Will    .....                   (no boots)
Stlth   ++........              (no amulet)
HPRegen 0.09/turn               (no ring)
MPRegen 0.09/turn               (no ring)

@: lethally poisoned (0 -> -8)
A: no striking features
a: no special abilities


You were on level 3 of the Dungeon.
You visited 1 branch of the dungeon, and saw 3 of its levels.

You collected 47 gold pieces.

Inventory:

Hand Weapons
 f - a +0 quarterstaff (weapon)
Missiles
 e - 6 atropa-tipped darts (quivered)
Armour
 a - a +1 robe (worn)
Scrolls
 c - a scroll of summoning
 d - a scroll of immolation
 g - a scroll of fear
 h - a scroll of amnesia {unknown}
Potions
 b - a potion of magic


   Skills:
 * Level 0.4 Fighting
 * Level 0.1 Throwing
 * Level 1.1 Armour
 * Level 1.6 Dodging
 + Level 1.5 Stealth
 * Level 1.7 Spellcasting
 * Level 1.1 Transmutations
 * Level 3.0 Poison Magic


You had 2 spell levels left.
You knew the following spells:

 Your Spells              Type           Power      Damage    Failure   Level
a - Sting                 Tmut/Pois      28%        1d4       10%         1
b - Poisonous Vapours     Pois/Air       12%        N/A       19%         2

Your spell library contained the following spells:

 Spells                   Type           Power      Damage    Failure   Level
 Mephitic Cloud           Conj/Pois/Air  4%         N/A       41%         3
 Olgreb's Toxic Radiance  Pois           10%        N/A       54%         4


Dungeon Overview and Level Annotations

Branches:
Dungeon (3/15)

Altars:
Okawaru


Message History

Aim: an adder Poisonous vapours surround the adder!
The adder is poisoned.
The adder barely misses you.
Unknown command.
Casting: Poisonous Vapours (safe; 19% risk of failure)
Confirm with . or Enter, or press ? or * to list all spells.
You don't know that spell.
Unknown command.
Casting: Poisonous Vapours (safe; 19% risk of failure)
Confirm with . or Enter, or press ? or * to list all spells.
Aiming: Poisonous Vapours (safe; 19% risk of failure)
Press: ? - help, Dir - move target, f/p - adder
Aim: an adder (lightly wounded, poisoned) Poisonous vapours surround the adder!
The adder looks even sicker.
The adder bites you.
You are poisoned.
The adder poisons you! The adder bites you.
Okay, then.
You miss the adder.
The adder is lightly wounded.
You feel sick. The adder bites you.
You are more poisoned.
The adder poisons you!
You closely miss the adder.
The adder is lightly wounded.
You feel very sick. The adder bites you.
* * * LOW HITPOINT WARNING * * *
You are lethally poisoned!
The adder poisons you! The adder bites you but does no damage.
You hit the adder.
The adder is heavily wounded.
* * * LOW HITPOINT WARNING * * *
You feel very sick. The adder bites you but does no damage.
The adder completely misses you.
You barely miss the adder.
The adder is heavily wounded.
* * * LOW HITPOINT WARNING * * *
You feel sick. The adder bites you.
You die...

.....#.).).# .....
..#.##.._..##............
.....#.).).#..#..........
................. .......
...#...###....# .......
..##....#.....# .......
..##.........# .......
..##.........#####w......
####....<.......@Sl......
#......########.......
#......# ....... #......#
....... #......# #######
#......# #....(.#
########


You could see a worm, an adder (poisoned) and a frilled lizard.

Vanquished Creatures
  An adder (D:2)
  A bat (D:2)
  2 endoplasms
  2 hobgoblins
  3 kobolds (D:2)
  A quokka (D:1)
  4 ball pythons
  A frilled lizard (D:1)
  2 rats (D:2)
17 creatures vanquished.

Vanquished Creatures (collateral kills)
  A rat (D:1)
1 creature vanquished.

Grand Total: 18 creatures vanquished

Notes
Turn   | Place    | Note
-------+----------+-------------------------------------------
     0 | D:1      | Kosjir the Hill Orc Venom Mage began the quest for the Orb.
     0 | D:1      | Reached XP level 1. HP: 14/14 MP: 3/3
   145 | D:1      | Reached XP level 2. HP: 20/20 MP: 1/4
   148 | D:1      | Learned a level 2 spell: Poisonous Vapours
   414 | D:2      | Reached skill level 1 in Transmutations
   520 | D:2      | Reached skill level 1 in Armour
   710 | D:2      | Reached skill level 3 in Poison Magic
   919 | D:2      | Reached XP level 3. HP: 26/26 MP: 0/5
  1103 | D:3      | Found an iron altar of Okawaru.
  1176 | D:3      | Slain by an adder

Illustrated notes

Levels and vault maps discovered:
D:1:      lemuel_arrival_cross, layout_basic
D:2:      minmay_razor_zed, layout_basic, minmay_split_cup_small
D:3:      cheibrodos_pilgrimage, layout_rooms, okawaru_ov_weapons_minmay,
          minmay_liquid_box

Skill      XL: |  1  2 |
---------------+-------+-----
Transmutations | 1 |  1.1
Armour         | 1 |  1.1
Poison Magic   | 3 |  3.0
Fighting       | |  0.4
Throwing       | |  0.1
Dodging        | |  1.6
Stealth        | |  1.5
Spellcasting   | |  1.7

Action                   || total
-------------------------++-------
Melee: Quarterstaff      ||    26
Throw: Dart              ||     1
 Cast: Sting             ||    13
       Poisonous Vapours ||    10
  Use: Scroll            ||     6
       Potion            ||     1
Armor: Robe              ||    10
Dodge: Dodged            ||    42
